 Dungeon Crawl Stone Soup version 0.27-a0-1105-g946c659c87 (webtiles) character file.

Game seed: 823817387877812734

73308 lorenzova the Eclecticist (level 15, -4/72 HPs)
             Began as a Deep Elf Conjurer on Apr 29, 2021.
             Was an Elder of Vehumet.
             Slain by an orc warrior
             ... wielding a +0 glaive
              (22 damage)
             ... on level 12 of the Dungeon.
             The game lasted 00:57:10 (26735 turns).

lorenzova the Eclecticist (Deep Elf Conjurer)      Turns: 26735, Time: 00:57:10

Health: -4/72      AC:  6    Str:  4    XL:     15   Next: 3%
Magic:  30/37      EV: 12    Int: 33    God:    Vehumet [****..]
Gold:   1433       SH:  0    Dex: 13    Spells: 14/47 levels left

rFire    . . .     SeeInvis +   F - staff of conjuration
rCold    + . .     Faith    .   (no shield)
rNeg     . . .     Spirit   .   a - +0 robe
rPois    +         Reflect  .   N - +1 hat {Int+3}
rElec    .         Harm     .   d - +0 cloak {rPois}
rCorr    .         Rampage  .   (no gloves)
Will     +....                  s - +1 pair of boots {Fly}
Stlth    ++........             x - amulet of magic regeneration
HPRegen  0.22/turn              n - ring of see invisible
MPRegen  0.50/turn              B - ring of protection from cold

@: flying
A: no striking features
a: Renounce Religion


You were on level 12 of the Dungeon.
You worshipped Vehumet.
Vehumet was greatly pleased with you.
You visited 3 branches of the dungeon, and saw 19 of its levels.

You collected 1628 gold pieces.
You spent 195 gold pieces at shops.

Inventory:

Hand Weapons
 E - a +4 scimitar of flaming
Armour
 a - a +0 robe (worn)
 d - a +0 cloak of poison resistance (worn)
 s - a +1 pair of boots of flying (worn)
 N - a +1 hat of intelligence (worn)
Magical Staves
 F - a staff of conjuration (weapon)
Jewellery
 b - the ring "Qoytyr" {Int-5 Dex+9 Slay+4}
   (You found it on level 6 of the Lair of Beasts)

   [ring of slaying]

   It affects your intelligence (-5).
   It affects your dexterity (+9).
   It affects your accuracy and damage with ranged weapons and melee attacks
   (+4).
 n - a ring of see invisible (left hand)
 x - an amulet of magic regeneration (around neck)
 B - a ring of protection from cold (right hand)
 G - a ring of poison resistance
Wands
 z - a wand of acid (18)
Scrolls
 f - 3 scrolls of fear
 g - 2 scrolls of amnesia
 i - 3 scrolls of enchant armour
 k - a scroll of enchant weapon
 l - 4 scrolls of magic mapping
 m - 2 scrolls of brand weapon
 t - 4 scrolls of teleportation {unknown}
 w - 4 scrolls of immolation {unknown}
 y - a scroll of vulnerability {unknown}
 J - a scroll of fog {unknown}
 K - 2 scrolls of silence {unknown}
 M - 2 scrolls of blinking {unknown}
Potions
 c - 2 potions of lignification
 h - 3 potions of brilliance
 j - 5 potions of curing
 o - 2 potions of flight
 p - 2 potions of berserk rage
 r - 2 potions of magic
 u - 3 potions of ambrosia {unknown}
 A - 2 potions of might {unknown}
 C - 2 potions of haste {unknown}
 D - 2 potions of resistance {unknown}
 H - 3 potions of attraction {unknown}


   Skills:
 - Level 2.4 Dodging
 - Level 2.4 Stealth
 * Level 16.9 Spellcasting
 * Level 14.9 Conjurations
 - Level 9.0 Hexes
 - Level 8.3 Translocations
 * Level 13.5 Fire Magic
 * Level 10.0 Air Magic


You had 14 spell levels left.
You knew the following spells:

 Your Spells              Type           Power      Damage    Failure   Level
a - Magic Dart            Conj           100%       1d8       0%          1
b - Searing Ray           Conj           100%       3d7       0%          2
c - Iskenderun's Mystic   Conj/Tloc      100%       2d19      1%          4
d - Fulminant Prism       Conj/Hex       51%        3d23      1%          4
e - Sticky Flame          Conj/Fire      100%       2d11      1%          4
f - Fireball              Conj/Fire      55%        3d21      1%          5
g - Swiftness             Air            76%        N/A       1%          3
l - Lightning Bolt        Conj/Air       52%        1d74      1%          5
p - Blink                 Tloc           N/A        N/A       1%          2
x - Conjure Flame         Conj/Fire      100%       6-21      0%          3

Your spell library contained the following spells:

 Spells                   Type           Power      Damage    Failure   Level
 Hailstorm                Conj/Ice       86%        3d17      1%          4
 Foxfire                  Conj/Fire      100%       2x1d9     0%          1
 Shock                    Conj/Air       100%       1d9       0%          1
 Static Discharge         Conj/Air       100%       N/A       0%          2
 Animate Skeleton         Necr           56%        N/A       1%          1
 Corona                   Hex            80%        N/A       1%          1
 Pain                     Necr           100%       1d9       1%          1
 Ensorcelled Hibernation  Hex/Ice        100%       N/A       1%          2
 Slow                     Hex            72%        N/A       1%          2
 Confusing Touch          Hex            72%        N/A       1%          3
 Dazzling Flash           Conj/Hex       100%       N/A       1%          3
 Gell's Gravitas          Tloc           35%        N/A       1%          3
 Inner Flame              Hex/Fire       80%        N/A       1%          3
 Mephitic Cloud           Conj/Pois/Air  90%        N/A       1%          3
 Tukima's Dance           Hex            72%        N/A       1%          3
 Airstrike                Air            38%        N/A       1%          4
 Bolt of Magma            Conj/Fire/Erth 47%        4d19      1%          5
 Yara's Violent Unravell  Hex/Tmut       27%        3d12      1%          5
 Call Imp                 Summ           28%        N/A       2%          2
 Sublimation of Blood     Necr           14%        N/A       2%          2
 Vampiric Draining        Necr           14%        2d8       4%          3
 Metabolic Englaciation   Hex/Ice        27%        N/A       6%          5
 Ignition                 Fire           43%        3d13      10%         8
 Animate Dead             Necr           14%        N/A       14%         4
 Petrify                  Tmut/Erth      28%        N/A       14%         4
 Agony                    Necr           28%        N/A       36%         5
 Excruciating Wounds      Necr           14%        N/A       36%         5
 Tornado                  Air            38%        N/A       99%         9
 Shatter                  Erth           14%        3d14*     100%        9


Dungeon Overview and Level Annotations

Branches:
Dungeon (12/15)            Temple (1/1) D:5            Lair (6/6) D:8
 Shoals (0/4) Lair:3       Spider (0/4) Lair:4        Slime (0/5) Lair:5
    Orc (0/2) D:12

Altars:
Ashenzari
Cheibriados
Dithmenos
Hepliaklqana
Kikubaaqudgha
Makhleb
Nemelex Xobeh
Sif Muna
Uskayaw
Vehumet
Wu Jian
Zin
The Shining One
Jiyva

Shops:
D:4 =

Portals:
Trove: D:12 (give 7 potions of haste)


Message History

Aim: a kobold brigand, wielding a +0 short sword and quivering poisoned darts (60% to hit)
You feel a surge of power!
You hear a mighty clap of thunder!
The bolt of lightning hits the kobold brigand!!!
You kill the kobold brigand!
Vehumet accepts your kill.
You feel your power returning.
The bolt of lightning misses the troll.
The bolt of lightning hits the gnoll.
You kill the gnoll!
Vehumet accepts your kill.
You feel your power returning.
The gnoll sergeant hits you from afar with a +0 trident!
The orc warrior hits you from afar with a +0 glaive!
Unknown command.
Unknown command.
Casting: Lightning Bolt (safe; 1% risk of failure)
Confirm with . or Enter, or press ? or * to list all spells.
Aiming: Lightning Bolt (safe; 1% risk of failure)
Press: ? - help, Shift-Dir - straight line, f - troll
Aim: a troll (severely wounded, 68% to hit)
You feel a surge of power!
You hear a mighty clap of thunder!
The bolt of lightning hits the troll!!!
You kill the troll!
Vehumet accepts your kill.
You feel your power returning.
The bolt of lightning hits the gnoll.
The gnoll is moderately wounded.
The bolt of lightning misses the ogre.
The gnoll sergeant misses you.
The orc warrior hits you from afar with a +0 glaive.
* * * LOW HITPOINT WARNING * * *
Unknown command.
You feel much better. The gnoll sergeant misses you.
The orc warrior hits you from afar with a +0 glaive!!
* * * LOW HITPOINT WARNING * * *
The gnoll sergeant closely misses you.
You barely miss the gnoll.
The gnoll is moderately wounded.
The gnoll sergeant barely misses you.
The orc warrior hits you from afar with a +0 glaive!!
You die...

#######
.[....###########
.......#........##
.......#.........#
....[..#.#######.#
.........#8)). #.#
......#..#...)g#g#
......##.#.)>Og)@#
####.#####...)o#.#
####.# #8)). #.#
.....# #### #.#
.###### ..#
......# ## .##
......# #.. .
......### #.# #.
># ........# #..
.#


You could see an orc warrior, an ogre, 2 gnoll sergeants and a gnoll.

Vanquished Creatures
  Gastronok (Lair:1)
  11 hydras
  5 boulder beetles
  3 catoblepae
  A centaur warrior (D:11)
  3 two-headed ogres
  6 death yaks (Lair:5)
  4 lindwurms (Lair:6)
  4 oklob plants (Lair:4)
  A wolf spider (Lair:6)
  2 cyclopes
  A manticore (D:11)
  3 centaur zombies (D:11)
  A guardian serpent (Lair:6)
  8 black mambas
  12 elephants
  Maurice (D:12)
  Maggie (D:10)
  2 gargoyles (D:12)
  15 cane toads
  A torpor snail (Lair:6)
  4 rime drakes
  An unseen horror (D:11)
  9 komodo dragons
  A kobold demonologist (D:12)
  An efreet (D:8)
  5 trolls
  2 slime creatures (D:12)
  3 polar bears
  3 hornets (Lair:6)
  A snapping turtle (Lair:3)
  24 blink frogs
  Sigmund (D:5)
  3 redbacks (Lair:6)
  A tarantella (Lair:4)
  2 wraiths (D:11)
  3 spriggans (Lair:1)
  9 wyverns
  44 yaks
  Eustachio (D:5)
  4 basilisks
  4 vampire mosquitoes
  5 steam dragons
  Menkaure (D:5)
  Edmund (D:4)
  An acid dragon (D:11)
  29 water moccasins
  2 ice beasts
  6 black bears
  11 orc warriors
  2 necrophages
  2 sky beasts
  3 ogres
  A phantom (D:6)
  17 wolves
  8 centaurs
  7 kobold brigands
  10 bullfrogs
  4 scorpions
  3 gnoll sergeants
  A wyvern skeleton (D:7)
  12 wights
  12 killer bees
  3 electric eels
  A howler monkey (D:10)
  5 hounds
  8 orc priests
  A bullfrog skeleton (D:5)
  A gnoll shaman (D:9)
  2 iguanas (D:6)
  12 orc wizards
  7 hell rats (Lair:3)
  2 killer bee zombies
  A howler monkey zombie (D:7)
  17 gnolls
  3 adders
  2 white imps (D:5)
  4 worms
  5 dart slugs
  44 orcs
  8 endoplasms
  4 giant cockroaches
  8 goblins
  5 hobgoblins
  18 jackals
  3 quokkas
  7 ball pythons
  5 bats
  4 frilled lizards (D:3)
  14 kobolds
  6 rats
550 creatures vanquished.

Vanquished Creatures (others)
  59 fulminant prisms
  68 fungi
  139 plants
266 creatures vanquished.

Grand Total: 816 creatures vanquished

Notes
Turn   | Place    | Note
-------+----------+-------------------------------------------
     0 | D:1      | lorenzova the Deep Elf Conjurer began the quest for the
                  | Orb.
     0 | D:1      | Reached XP level 1. HP: 10/10 MP: 6/6
   200 | D:1      | Reached XP level 2. HP: 13/15 MP: 2/8
   268 | D:1      | Learned a level 2 spell: Searing Ray
   554 | D:1      | Reached skill level 4 in Spellcasting
   793 | D:1      | Reached XP level 3. HP: 19/19 MP: 5/10
   858 | D:1      | Reached skill level 5 in Conjurations
  2341 | D:2      | Reached XP level 4. HP: 24/24 MP: 9/12
  2621 | D:2      | Reached skill level 5 in Spellcasting
  3108 | D:3      | Reached XP level 5. HP: 21/28 MP: 7/14
  4069 | D:3      | Reached skill level 6 in Spellcasting
  5149 | D:3      | Found a faded altar of an unknown god.
  5353 | D:4      | Reached XP level 6. HP: 32/32 MP: 12/17
  5451 | D:4      | Noticed Edmund
  5481 | D:4      | Killed Edmund
  5482 | D:4      | Reached skill level 7 in Spellcasting
  5596 | D:4      | Identified Foeshrat's Catalogue of Fire and Unholy Magic
  5717 | D:4      | Learned a level 3 spell: Conjure Flame
  5722 | D:4      | Learned a level 4 spell: Iskenderun's Mystic Blast
  5727 | D:4      | Learned a level 4 spell: Fulminant Prism
  6276 | D:4      | Found Edeacs's Jewellery Emporium.
  6844 | D:5      | Entered Level 5 of the Dungeon
  6858 | D:5      | Noticed Sigmund
  7002 | D:5      | Killed Sigmund
  7003 | D:5      | Reached skill level 1 in Hexes
  7003 | D:5      | Reached skill level 1 in Translocations
  7003 | D:5      | Reached skill level 1 in Fire Magic
  7003 | D:5      | Reached XP level 7. HP: 29/36 MP: 15/20
  7311 | D:5      | Noticed Menkaure
  7321 | D:5      | Killed Menkaure
  7322 | D:5      | Reached skill level 8 in Spellcasting
  7460 | D:5      | Reached XP level 8. HP: 41/41 MP: 16/22
  7788 | D:5      | Found an ornate altar of the Wu Jian Council.
  7798 | D:5      | Noticed Eustachio
  7803 | D:5      | Killed Eustachio
  7850 | D:5      | Found a staircase to the Ecumenical Temple.
  7921 | Temple   | Entered the Ecumenical Temple
  8129 | Temple   | Became a worshipper of Vehumet
  9304 | D:6      | Reached skill level 9 in Spellcasting
  9775 | D:6      | Found a burning altar of Makhleb.
  9811 | D:6      | Found a hazy altar of Hepliaklqana.
  9814 | D:6      | Found a snail-covered altar of Cheibriados.
  9907 | D:6      | Reached XP level 9. HP: 45/45 MP: 18/24
  9981 | D:6      | Reached skill level 5 in Fire Magic
 10369 | D:6      | Learned a level 5 spell: Fireball
 10583 | D:7      | Reached * piety under Vehumet
 10583 | D:7      | Offered knowledge of Shock by Vehumet.
 10588 | D:7      | Reached skill level 10 in Spellcasting
 11354 | D:8      | Reached skill level 5 in Hexes
 11808 | D:8      | Noticed a death knight
 11813 | D:8      | Noticed a cyclops
 11815 | D:8      | Noticed a troll
 11816 | D:8      | Noticed a white ugly thing
 11816 | D:8      | Noticed a seven-headed hydra
 11821 | D:8      | Noticed a yaktaur captain
 12309 | D:8      | Noticed an efreet
 12335 | D:8      | Killed an efreet
 12336 | D:8      | Reached XP level 10. HP: 38/50 MP: 22/26
 12450 | D:8      | Reached skill level 11 in Spellcasting
 12450 | D:8      | Reached skill level 10 in Conjurations
 12551 | D:8      | Reached ** piety under Vehumet
 12805 | D:8      | Found a glowing silver altar of Zin.
 12905 | D:8      | Found a staircase to the Lair.
 13035 | D:9      | Offered knowledge of Foxfire by Vehumet.
 13313 | D:9      | You fall into a shaft and drop 1 floor!
 13313 | D:10     | Entered Level 10 of the Dungeon
 13337 | D:9      | Reached skill level 5 in Translocations
 13790 | D:9      | Noticed a two-headed ogre
 13798 | D:9      | Killed a two-headed ogre
 14437 | D:9      | Offered knowledge of Ignite Poison by Vehumet.
 14801 | D:10     | Reached skill level 12 in Spellcasting
 15121 | D:10     | Noticed Maggie
 15123 | D:10     | Killed Maggie
 15134 | D:10     | Reached XP level 11. HP: 54/54 MP: 11/29
 15223 | D:10     | Reached *** piety under Vehumet
 15644 | D:10     | Learned a level 5 spell: Lightning Bolt
 15647 | D:10     | Learned a level 2 spell: Blink
 15673 | D:10     | Offered knowledge of Airstrike by Vehumet.
 15727 | Lair:1   | Entered Level 1 of the Lair of Beasts
 15835 | Lair:1   | Reached skill level 1 in Air Magic
 15904 | Lair:1   | Noticed an eight-headed hydra
 15912 | Lair:1   | Killed an eight-headed hydra
 16046 | Lair:1   | Reached skill level 13 in Spellcasting
 16246 | Lair:1   | Noticed Gastronok
 16353 | Lair:1   | Noticed a seven-headed hydra
 16392 | Lair:1   | Killed a seven-headed hydra
 16393 | Lair:1   | Reached XP level 12. HP: 59/59 MP: 10/31
 16483 | Lair:1   | Learned a level 4 spell: Sticky Flame
 16585 | Lair:1   | Reached **** piety under Vehumet
 16640 | Lair:1   | Killed Gastronok
 16641 | Lair:1   | Reached skill level 10 in Fire Magic
 17134 | Lair:2   | Offered knowledge of Olgreb's Toxic Radiance by Vehumet.
 17254 | Lair:2   | Reached skill level 5 in Air Magic
 17256 | Lair:2   | Reached skill level 14 in Spellcasting
 18760 | Lair:3   | Noticed an eight-headed hydra
 18765 | Lair:3   | Killed an eight-headed hydra
 18767 | Lair:3   | Noticed a six-headed hydra
 18775 | Lair:3   | Killed a six-headed hydra
 18981 | Lair:3   | You fall into a shaft and drop 3 floors!
 18981 | Lair:6   | Entered Level 6 of the Lair of Beasts
 18982 | Lair:6   | Noticed a boulder beetle
 18994 | Lair:5   | Noticed a six-headed hydra
 18997 | Lair:5   | Killed a six-headed hydra
 18998 | Lair:5   | Reached XP level 13. HP: 43/63 MP: 19/33
 19448 | Lair:4   | Reached ***** piety under Vehumet
 19645 | Lair:3   | Offered knowledge of Conjure Ball Lightning by Vehumet.
 19728 | Lair:3   | Found a staircase to the Shoals.
 20236 | Lair:4   | Reached skill level 15 in Spellcasting
 21468 | Lair:4   | Found a hole to the Spider Nest.
 22208 | Lair:5   | Reached XP level 14. HP: 68/68 MP: 24/35
 22426 | Lair:5   | Found a viscous altar of Jiyva.
 22428 | Lair:5   | Found a staircase to the Slime Pits.
 22829 | Lair:6   | Reached skill level 16 in Spellcasting
 23056 | Lair:6   | Identified the ring "Qoytyr" {Int-5 Dex+9 Slay+4}
 23176 | Lair:6   | Learned a level 3 spell: Swiftness
 23404 | Lair:6   | Offered knowledge of Hailstorm by Vehumet.
 25845 | D:12     | Noticed Maurice
 25849 | D:12     | Killed Maurice
 26055 | D:4      | Bought a ring of see invisible for 195 gold pieces
 26374 | D:12     | Found a portal to a secret trove of treasure.
 26610 | D:12     | Reached skill level 10 in Air Magic
 26610 | D:12     | Reached XP level 15. HP: 72/72 MP: 25/37
 26727 | D:12     | Found a staircase to the Orcish Mines.
 26735 | D:12     | Slain by an orc warrior

Illustrated notes

Levels and vault maps discovered:
D:1:      amcnicky_arrival_gap_in_the_tavern_cellar, layout_basic,
          hangedman_feature_mirror, corexii_item_surrounded_by_moat
D:2:      layout_loops_corners, st_stairs_1
D:3:      layout_basic, nicolae_overflow_hidden_temple, basic_ecumenical_altar
D:4:      layout_basic, serial_shops, shop, minmay_tree_intersection,
          uniq_edmund
D:5:      layout_gridville, nicolae_wu_jian_wuxing_cycle,
          minmay_temple_entry_tees, minmay_misc_feat_ornament,
          kennysheep_decorative_pillar, minivault_4, uniq_sigmund,
          uniq_eustachio, uniq_menkaure
D:6:      layout_loops_ring, nicolae_overflow_crystal_walls, minitemple
D:7:      layout_loops_ring, chequers_serial_rivers_micro_b,
          kennysheep_generic_room_2
D:8:      layout_rooms, overflow_temple_1_default,
          grunt_lair_entry_orc_guard_hut, serial_bayou_pond_e,
          chequers_arboretum, onia_ninara_dug_in_and_dangerous
D:9:      layout_basic
D:10:     layout_long_grid, uniq_maggie
D:11:     layout_basic, minmay_joined_circles
D:12:     layout_roguey, kennysheep_orc_monster_closet_entryway, enter_trove_1,
          drop_trap, hangedman_decor_clover_reticule, uniq_maurice
Temple:   minmay_temple_curvy_branch
Lair:1:   layout_hall_layers, wad_woods_02, grunt_megastairs_2,
          infiniplex_staircase_pool_2, uniq_gastronok
Lair:2:   layout_cave_pods, columned_hall_lemuel, serial_bayou_shore_a,
          grunt_megastairs_1, serial_bayou_shore_b
Lair:3:   layout_regular_city, minmay_shoals_entry_hut
Lair:4:   layout_cave_shapes, spider_nest_entry_rubble,
          hangedman_lair_generics_rect, minmay_lair_oklob_chamber
Lair:5:   layout_misc_corridors, slime_altar_1, hibernation_bobbens
Lair:6:   hangedman_lair_tendril_chambers, layout_gridlike,
          chequers_serial_rivers_micro_a, minmay_lindwurm_lava

Skill      XL: |  1  2  3  4  5  6  7  8  9 10 11 12 13 14 |
---------------+-------------------------------------------+-----
Spellcasting   | 4 5 6 7 8 9 10 12 13 14 15 16 | 16.9
Conjurations   | 5 6 7 8 9 11 12 13 14 | 14.9
Hexes          | 1 2 3 5 6 8 9 |  9.0
Translocations | 1 3 4 5 6 7 8 |  8.3
Fire Magic     | 1 2 4 6 8 9 11 12 13 | 13.5
Air Magic      | 3 6 8 10 | 10.0
Dodging        | |  2.4
Stealth        | |  2.4

Action                   |  1- 3 |  4- 6 |  7- 9 | 10-12 | 13-15 || total
-------------------------+-------+-------+-------+-------+-------++-------
Melee: Short sword       |    10 |       |       |       |       ||    10
       Unarmed           |       |    14 |       |       |       ||    14
       Staff             |       |       |       |       |     3 ||     3
 Cast: Magic Dart        |    80 |    62 |    86 |    66 |    31 ||   325
       Searing Ray       |     6 |    18 |    47 |    29 |     5 ||   105
       Fulminant Prism   |       |       |     7 |    37 |    15 ||    59
       Iskenderun's Myst |       |       |     7 |    49 |    45 ||   101
       Fireball          |       |       |       |    96 |   219 ||   315
       Conjure Flame     |       |       |       |     3 |     5 ||     8
       Lightning Bolt    |       |       |       |       |    22 ||    22
       Sticky Flame      |       |       |       |       |     4 ||     4
  Use: Scroll            |       |       |     5 |     7 |     3 ||    15
       Potion            |       |       |       |       |     4 ||     4
 Stab: Confused          |       |     2 |       |       |       ||     2
Armor: Robe              |     4 |     2 |     3 |     3 |    11 ||    23
       Skin              |       |    14 |       |       |       ||    14
Dodge: Dodged            |    18 |    43 |    16 |    23 |    29 ||   129

Table legend: (Time is in decaauts)
 A = Elapsed time spent in this place.
 B = Non-inter-level travel time spent in this place.
 C = Inter-level travel time spent in this place.
 D = Time resting spent in this place.
 E = Time spent auto-exploring this place.
 F = Levels seen in this place.
 G = Mean time per level.
                   A        B        C        D        E       F      G
               +--------+--------+--------+--------+--------+-----+--------+
         Total |  26787 |  25400 |   1387 |  10500 |  12045 |  19 | 1409.8 |
       Dungeon |  17732 |  16617 |   1115 |   6737 |   8178 |  12 | 1477.7 |
        Temple |    620 |    589 |     31 |    400 |    185 |   1 |  620.0 |
          Lair |   8433 |   8192 |    241 |   3363 |   3682 |   6 | 1405.5 |
               +--------+--------+--------+--------+--------+-----+--------+

Top non-repeatable levels by time:
     D:3: 2138 daAuts
     D:4: 2023 daAuts
     D:9: 1922 daAuts
     D:1: 1718 daAuts
  Lair:4: 1674 daAuts
  Lair:5: 1610 daAuts
     D:8: 1533 daAuts
  Lair:1: 1448 daAuts
  Lair:2: 1392 daAuts
     D:2: 1371 daAuts
     D:5: 1370 daAuts
     D:6: 1352 daAuts
     D:7: 1306 daAuts
  Lair:6: 1270 daAuts
    D:10: 1229 daAuts
